 Dungeon Crawl Stone Soup version 0.20-a0-957-g47ad1fd (webtiles) character file.

152656 MatthieuS the Sharpshooter (level 17, -2/134 HPs)
             Began as a Centaur Hunter on Apr 3, 2017.
             Was the Champion of Okawaru.
             Succumbed to a redback's poison
             ... on level 3 of the Spider Nest on Apr 5, 2017.
             The game lasted 02:47:07 (42108 turns).

MatthieuS the Sharpshooter (Centaur Hunter)        Turns: 42108, Time: 02:47:08

Health: -2/134     AC: 29    Str: 27      XL:     17   Next: 3%
Magic:  17/17      EV: 10    Int: 11      God:    Okawaru [******]
Gold:   634        SH:  5    Dex: 10 (11) Spells: 16/16 levels left

rFire    + + .     SeeInvis .   a - +5 halberd (elec)
rCold    + . .     Gourm    .   (shield currently unavailable)
rNeg     + . .     Faith    .   K - +6 scale mail of the Great Game {+Fly rElec rF++ Str+3}
rPois    +         Spirit   .   v - +2 hat {MR+}
rElec    +         Reflect  +   n - scarf {rC+}
rCorr    +         Harm     .   F - +2 pair of gloves
MR       ++++.                  I - +1 centaur barding "Zufuw" {rPois Int+2 Stlth+}
Stlth    ..........             o - +5 amulet of reflection
Regen    0.4/turn               R - ring of positive energy
MPRegen  0.2/turn               t - ring of resist corrosion

@: lethally poisoned (-2 -> -41), very slightly contaminated, invisible, very
quick
A: hooves 3, slimy green scales 1, deformed body, dopey 1, speed 2, magic
resistance 2, strong 2, tough skin 3
a: Heroism, Finesse, Renounce Religion, Evoke Flight


You were on level 3 of the Spider Nest.
You worshipped Okawaru.
Okawaru was exalted by your worship.
You were full.

You visited 6 branches of the dungeon, and saw 29 of its levels.
You also visited: Sewer and Bailey.

You collected 2565 gold pieces.
You spent 1931 gold pieces at shops.

Inventory:

Hand Weapons
 a - a +5 halberd of electrocution (weapon)
 w - a +4 triple crossbow of freezing
 N - the +6 arbalest "Hutoxt" {venom, rElec Dex+3}
   (Okawaru gifted it to you on level 12 of the Dungeon)

   It poisons the ammo it fires.
   It affects your dexterity (+3).
   It insulates you from electricity.
Missiles
 p - 40 bolts
 L - 2 throwing nets (quivered)
Armour
 n - a scarf of cold resistance (worn)
 v - a +2 hat of magic resistance (worn)
 F - a +2 pair of gloves (worn)
 I - the +1 centaur barding "Zufuw" (worn) {rPois Int+2 Stlth+}
   (Okawaru gifted it to you on level 13 of the Dungeon)

   It affects your intelligence (+2).
   It protects you from poison.
   It makes you more stealthy.
 K - the +6 scale mail of the Great Game (worn) {+Fly rElec rF++ Str+3}
   (You bought it in a shop on level 2 of the Orcish Mines)

   It affects your strength (+3).
   It greatly protects you from fire.
   It insulates you from electricity.
   It lets you fly.
Jewellery
 o - a +5 amulet of reflection (around neck)
 t - a ring of resist corrosion (right hand)
 R - a ring of positive energy (left hand)
 W - an uncursed ring of protection from magic
Wands
 b - a wand of paralysis (15/24)
 d - a wand of polymorph (10/24)
 e - a wand of lightning (6/15)
 j - a wand of digging (13/24)
 q - a wand of polymorph (12/24)
 C - a wand of flame (17/48)
 H - a wand of iceblast (6/15)
 P - a wand of confusion (32/48)
 X - a wand of enslavement (16/24)
 Z - a wand of confusion (33/48)
Scrolls
 h - a scroll of blinking {unknown}
 i - 3 scrolls of recharging
 k - 16 scrolls of remove curse
 m - a scroll of silence
 x - a scroll of magic mapping
 y - 4 scrolls of teleportation
 B - 2 scrolls of enchant armour
 D - a scroll of fog
 T - 11 scrolls of identify
 U - a scroll of acquirement
 Y - a scroll of holy word
Potions
 g - 6 potions of lignification
 r - 3 potions of haste
 s - 2 potions of berserk rage
 u - 10 potions of curing
 z - 5 potions of agility
 E - 5 potions of might
 J - a potion of brilliance
 M - a potion of invisibility
 O - 3 potions of cancellation
 Q - 5 potions of flight
 V - a potion of magic
Miscellaneous
 c - a phial of floods
 l - a lamp of fire (inert)
Comestibles
 f - 12 bread rations
 G - 19 meat rations
 S - 3 royal jellies


   Skills:
 - Level 7.7 Fighting
   Level 4.9(8.9) Axes
 - Level 11.3(11.7) Polearms
 + Level 20.8 Crossbows
 - Level 11.0 Armour
 - Level 9.6 Dodging
 - Level 0.4 Stealth


You had 16 spell levels left.
You didn't know any spells.

Dungeon Overview and Level Annotations

Branches:
Dungeon (15/15)            Temple (1/1) D:5            Lair (6/6) D:8
 Shoals (2/4) Lair:4       Spider (3/4) Lair:3        Slime (0/5) Lair:5
    Orc (2/2) D:9             Elf (0/3) Orc:2        Vaults (0/5) D:13
 Depths (0/5) D:15

Altars:
Ashenzari
Cheibriados
Elyvilon
Hepliaklqana
Makhleb
Okawaru
Vehumet
Xom
Yredelemnul
Beogh
Jiyva

Shops:
D:7 :   Orc:2 =(![(   Shoals:1 !*

Annotations:
D:9 exclusion: ice statue
D:11 2 runed doors, exclusion: 2 doors


Innate Abilities, Weirdness & Mutations

You have hooves in place of feet.
Armour fits poorly on your strangely shaped body.
You cover ground very quickly.
You have extremely tough skin. (AC +3)
You are partially covered in slimy green scales. (AC +2)
You are dopey. (Int -2)
You are highly resistant to hostile enchantments. (MR++)
Your muscles are very strong. (Str +4)


Message History

You kick the redback.
The redback is heavily wounded.
* * * LOW HITPOINT WARNING * * *
You feel very sick.
The harpy evades a web.
The redback bites you but does no damage.
The redback closely misses you. You block the harpy's attack. x2
The redback bites you!
* * * LOW HITPOINT WARNING * * *
Unknown command.
You fade into invisibility!
* * * LOW HITPOINT WARNING * * *
You feel very sick.
The harpy claws you but does no damage. x2
The redback bites you but does no damage.
The redback closely misses you. The redback bites you.
* * * LOW HITPOINT WARNING * * *
The harpy is caught in a web!
You are very lightly contaminated with residual magic.
You die...

..^............^..........
..........................
..............^...........
..^.......<.....<........#
..^.......^^..............
...(.........^............
.>....(H(.......=..###....
.......s.............###.#
.......s.@^.....#......###
..............................^#
...........................^..##
.......(.....................##
...........^.................##
.....................#......^.#
...........^.........#####...##
.........^...............#.^.#
................##.........###


You could see a harpy (webbed) and 2 redbacks.

Vanquished Creatures
  Nikola (Spider:2)
  Arachne (Spider:1)
  2 entropy weavers
  A spark wasp (Spider:1)
  A merfolk javelineer (Shoals:1)
  2 ogre magi (Orc:2)
  Josephine (D:14)
  A vault guard (D:13)
  3 hydras
  An ice dragon (Orc:1)
  2 catoblepae (Lair:6)
  A centaur warrior (D:15)
  A death knight (D:13)
  12 two-headed ogres
  The ghost of Vi the Unseen, a journeyman SpEn of Kikubaaqudgha (Lair:3)
  An orc high priest (Orc:2)
  9 death yaks
  An iron troll (Orc:2)
  7 skeletal warriors
  4 unseen horrors
  A deep troll (Orc:2)
  A flayed ghost (D:15)
  A sea snake (Shoals:1)
  2 wizards (D:13)
  A lindwurm (Lair:6)
  A necromancer (D:15)
  3 phantasmal warriors
  3 orc knights
  An ugly thing (D:13)
  A sphinx zombie (D:15)
  23 wolf spiders
  A deep elf mage (D:15)
  8 cyclopes
  3 orc sorcerers (Orc:2)
  22 orb spiders
  5 manticores
  4 black mambas
  13 elephants
  5 merfolk sirens
  Psyche (D:8)
  A centaur zombie (D:11)
  3 spiny frogs
  2 gargoyles
  A torpor snail (Lair:6)
  2 rime drakes
  A kobold demonologist (D:13)
  A redback zombie (D:15)
  A yaktaur (D:15)
  5 komodo dragons
  4 centaur skeletons
  A freezing wraith (D:14)
  10 demonic crawlers
  4 ice devils (D:9)
  4 merfolk
  19 trolls
  A hornet (shapeshifter) (D:13)
  24 jumping spiders
  2 hornets
  17 polar bears
  Prince Ribbit (D:6)
  4 raiju (Lair:6)
  12 hippogriffs
  An ettin zombie (D:15)
  3 snapping turtles (Shoals:1)
  A wind drake (Shoals:1)
  An ice dragon zombie (D:15)
  4 slime creatures (D:12)
  25 blink frogs
  An ice dragon skeleton (D:15)
  18 tarantellas
  36 redbacks
  6 wraiths
  3 wyverns
  2 shadows
  A hog (shapeshifter) (D:13)
  37 yaks
  A basilisk (Lair:4)
  22 humans (D:13)
  4 vampire mosquitoes
  3 hungry ghosts
  Menkaure (D:4)
  8 wargs
  An acid dragon (D:11)
  13 water moccasins
  13 hell hounds (Lair:6)
  A soldier ant (D:13)
  6 porcupines
  14 black bears
  6 sky beasts
  3 ice beasts
  24 orc warriors
  2 eyes of draining
  2 phantoms
  30 ogres
  17 wolves
  6 centaurs
  17 crocodiles
  10 big kobolds
  16 bullfrogs
  A gnoll sergeant (D:9)
  A wyvern zombie (D:13)
  3 scorpions
  16 killer bees
  12 wights
  6 electric eels
  10 crimson imps
  2 bullfrog zombies
  A bullfrog skeleton (D:6)
  6 hounds
  A jelly (D:11)
  13 orc priests
  Crazy Yiuf (D:7)
  17 orc wizards
  Jessica (D:3)
  An iguana (D:11)
  10 worker ants
  Natasha (thrice) (D:3)
  A howler monkey zombie (D:9)
  A worker ant zombie (D:11)
  Robin (D:3)
  23 gnolls
  21 adders
  2 river rats (D:5)
  2 shadow imps
  5 ufetubi
  2 oozes (D:4)
  An adder skeleton (D:7)
  2 worms
  A dart slug (D:1)
  13 leopard geckos
  83 orcs
  5 ball pythons
  10 bats
  12 giant cockroaches
  14 goblins
  22 hobgoblins
  18 jackals
  23 kobolds
  5 quokkas
  6 frilled lizards
  A quokka skeleton (D:5)
  15 rats
  4 fungi
  4 plants
  A withered plant (D:15)
1035 creatures vanquished.

Vanquished Creatures (others)
  An orb spider (Spider:2)
  A polar bear (Orc:1)
  A jumping spider (Spider:2)
  2 redbacks (Spider:2)
  An ufetubus (D:9)
  An orc (Orc:1)
  A giant cockroach (D:6)
  A kobold (Bailey)
  12 fungi
  14 plants
  4 withered plants (D:15)
39 creatures vanquished.

Grand Total: 1074 creatures vanquished

Notes
Turn   | Place    | Note
-------+----------+-------------------------------------------
     0 | D:1      | MatthieuS the Centaur Hunter began the quest for the Orb.
     0 | D:1      | Reached XP level 1. HP: 17/17 MP: 1/1
    28 | D:1      | Reached XP level 2. HP: 22/24 MP: 2/2
   151 | D:1      | Reached skill level 5 in Crossbows
   669 | D:1      | Reached XP level 3. HP: 28/29 MP: 3/3
  1079 | D:2      | Reached skill level 6 in Crossbows
  1192 | D:2      | Reached XP level 4. HP: 26/36 MP: 4/4
  1470 | D:2      | Found a burning altar of Makhleb.
  1914 | D:3      | Found a basalt altar of Yredelemnul.
  1933 | D:3      | Noticed Jessica
  1940 | D:3      | Killed Jessica
  1948 | D:3      | Noticed Robin
  1952 | D:3      | Killed Robin
  1952 | D:3      | Reached skill level 7 in Crossbows
  1952 | D:3      | Reached XP level 5. HP: 40/41 MP: 5/5
  2207 | D:3      | Noticed Natasha
  2213 | D:3      | Killed Natasha
  2329 | D:3      | Noticed Natasha
  2337 | D:3      | Killed Natasha
  2547 | D:3      | Noticed Natasha
  2550 | D:3      | Killed Natasha
  2593 | D:4      | Noticed a phantom
  2789 | D:4      | Reached skill level 8 in Crossbows
  2789 | D:4      | Reached XP level 6. HP: 33/48 MP: 6/6
  3655 | D:4      | Found a shimmering altar of Xom.
  3731 | D:4      | Found a snail-covered altar of Cheibriados.
  3750 | D:4      | Noticed Menkaure
  3756 | D:4      | Killed Menkaure
  3756 | D:4      | Reached skill level 9 in Crossbows
  3756 | D:4      | Reached XP level 7. HP: 55/55 MP: 7/7
  3911 | D:5      | Entered Level 5 of the Dungeon
  3999 | D:5      | Got an encrusted hand axe
  4000 | D:5      | Identified the +4 hand axe "Ogreslayer" {chop, Int+6 Dex-4} (You found it on level 5 of the Dungeon)
  4115 | D:5      | Found a staircase to the Ecumenical Temple.
  4125 | D:5      | Reached skill level 10 in Crossbows
  4128 | Temple   | Entered the Ecumenical Temple
  4170 | Temple   | Became a worshipper of Warmaster Okawaru
  4332 | D:5      | Found a glowing drain.
  4342 | Sewer    | Entered a sewer
  4905 | Sewer    | Got a faintly humming leather armour
  4916 | Sewer    | Identified the +1 leather armour of Pan-Flutes {Dex+4 Slay+3} (You found it in a sewer)
  5345 | D:5      | Reached XP level 8. HP: 61/62 MP: 8/8
  5483 | D:6      | Reached * piety under Okawaru
  5591 | D:6      | Reached skill level 1 in Axes
  6163 | D:6      | Found a radiant altar of Vehumet.
  6328 | D:6      | Noticed Prince Ribbit
  6346 | D:6      | Killed Prince Ribbit
  6346 | D:6      | Reached skill level 5 in Fighting
  6614 | D:6      | Reached ** piety under Okawaru
  6723 | D:7      | Found a flagged portal.
  6737 | Bailey   | Entered a bailey
  7183 | Bailey   | HP: 1/69 [gnoll/halberd (9)]
  7198 | Bailey   | Gained mutation: You evolve. [potion of mutation]
  7198 | Bailey   | Gained mutation: You are resistant to hostile enchantments. (MR+) [potion of mutation]
  7198 | Bailey   | Gained mutation: You are partially covered in slimy green scales. (AC +2) [potion of mutation]
  7392 | Bailey   | Noticed an orc knight
  7446 | Bailey   | Killed an orc knight
  7446 | Bailey   | Reached XP level 9. HP: 35/75 MP: 9/9
  7944 | D:7      | Found a white marble altar of Elyvilon.
  7982 | D:7      | Found Uroethry's Book Boutique.
  8186 | D:7      | Reached skill level 1 in Polearms
  8248 | D:7      | Found a runed door.
  8252 | D:7      | Noticed Crazy Yiuf
  8256 | D:7      | Killed Crazy Yiuf
  8520 | D:8      | Reached *** piety under Okawaru
  8647 | D:8      | Found a staircase to the Lair.
  8653 | D:8      | Noticed Psyche
  8665 | D:8      | Killed Psyche
  8665 | D:8      | Reached skill level 5 in Polearms
  9307 | D:8      | Reached XP level 10. HP: 34/83 MP: 10/10
  9340 | D:8      | HP: 4/83 [poisoned by a killer bee]
  9349 | D:8      | Reached XP level 11. HP: 12/89 MP: 11/11
  9451 | D:8      | HP: 4/89 [poisoned by a killer bee]
 10314 | D:9      | Found a staircase to the Orcish Mines.
 10339 | D:9      | Reached **** piety under Okawaru
 10725 | D:9      | Upgraded the game from 0.20-a0-947-g2784f4f to 0.20-a0-950-g92a50c4
 11316 | D:9      | Found a shattered altar of Ashenzari.
 11526 | D:10     | Entered Level 10 of the Dungeon
 11676 | D:10     | Received a gift from Okawaru
 12483 | D:10     | Received a gift from Okawaru
 12483 | D:10     | Reached skill level 10 in Polearms
 12670 | D:10     | Got a jewelled hand axe
 12671 | D:10     | Identified the +5 hand axe of the Firefly {chop, +Blink rPois} (You found it on level 10 of the Dungeon)
 12713 | D:10     | Gained mutation: Your muscles are strong. (Str +2) [evolution]
 12874 | D:10     | Noticed a two-headed ogre
 12879 | D:10     | Killed a two-headed ogre
 12879 | D:10     | Reached ***** piety under Okawaru
 13353 | D:11     | Received a gift from Okawaru
 13437 | D:11     | Noticed an orc knight
 13485 | D:11     | Found a large runed door.
 13486 | D:11     | Found a large runed door.
 13602 | D:11     | Noticed a naga warrior
 13667 | D:11     | Received a gift from Okawaru
 13667 | D:11     | Reached XP level 12. HP: 50/96 MP: 12/12
 14016 | D:11     | Reached skill level 11 in Crossbows
 15425 | D:12     | Received a gift from Okawaru
 15428 | D:12     | Got a steaming arbalest {god gift}
 15429 | D:12     | Identified the +6 arbalest "Hutoxt" {venom, rElec Dex+3} (Okawaru gifted it to you on level 12 of the Dungeon)
 15804 | D:12     | Gained mutation: Your body sometimes deteriorates upon taking damage. [evolution]
 16096 | D:13     | Reached skill level 12 in Crossbows
 16407 | D:13     | Noticed a death knight
 17160 | Orc:1    | Entered Level 1 of the Orcish Mines
 17220 | Orc:1    | Received a gift from Okawaru
 17354 | Orc:1    | Found a frozen archway.
 17359 | Orc:1    | Noticed an ice dragon
 17703 | Orc:1    | Reached skill level 13 in Crossbows
 17829 | Orc:2    | Entered Level 2 of the Orcish Mines
 17829 | Orc:2    | Found a staircase to the Elven Halls.
 17945 | Orc:2    | Noticed a two-headed ogre
 17961 | Orc:2    | Killed a two-headed ogre
 17972 | Orc:2    | Received a gift from Okawaru
 18057 | Orc:2    | Noticed a two-headed ogre
 18059 | Orc:2    | Killed a two-headed ogre
 18346 | Orc:2    | Found Gyx Yss's Jewellery Shop.
 18533 | Orc:2    | Reached skill level 14 in Crossbows
 18543 | Orc:2    | Reached XP level 13. HP: 95/102 MP: 13/13
 18746 | Orc:2    | Reached ****** piety under Okawaru
 18939 | Orc:2    | Found a roughly hewn altar of Beogh.
 18945 | Orc:2    | Received a gift from Okawaru
 18959 | Orc:2    | Got a polished chain mail {god gift}
 18970 | Orc:2    | Identified the +3 chain mail "Otymao" {rC+++ Int-4 Dex-4 SInv} (Okawaru gifted it to you on level 2 of the Orcish Mines)
 19359 | Orc:2    | Lost mutation: Your body sometimes deteriorates upon taking damage. [evolution]
 19501 | Orc:2    | Reached skill level 15 in Crossbows
 19638 | Orc:2    | Found Cuzei's Armour Shop.
 19640 | Orc:2    | Found Nos Puha's Weapon Boutique.
 19713 | Orc:2    | Found Byruurakhla's Distillery.
 20096 | Orc:2    | Reached skill level 16 in Crossbows
 20279 | Orc:2    | Found Fyirchino's Weapon Boutique.
 20300 | Orc:2    | Bought a potion of might for 52 gold pieces
 20300 | Orc:2    | Bought a potion of haste for 130 gold pieces
 20300 | Orc:2    | Bought a potion of curing for 39 gold pieces
 20300 | Orc:2    | Bought a potion of curing for 39 gold pieces
 20300 | Orc:2    | Bought a potion of curing for 39 gold pieces
 20300 | Orc:2    | Bought a potion of invisibility for 104 gold pieces
 20300 | Orc:2    | Bought a potion of haste for 130 gold pieces
 20300 | Orc:2    | Bought a potion of cancellation for 104 gold pieces
 20713 | Orc:1    | Received a gift from Okawaru
 21166 | Lair:1   | Entered Level 1 of the Lair of Beasts
 21419 | Lair:1   | Got a scorched turquoise ring
 21421 | Lair:1   | Identified the ring "Pitetoq" {rElec rPois Int-5 Dex+7 Stlth-} (You found it on level 1 of the Lair of Beasts)
 22285 | Lair:2   | Reached skill level 17 in Crossbows
 22954 | Lair:3   | Gained mutation: Your muscles are very strong. (Str +4) [evolution]
 23085 | Lair:3   | Reached XP level 14. HP: 110/110 MP: 14/14
 23439 | Lair:3   | Noticed Vi's ghost (journeyman SpEn)
 23456 | Lair:3   | Killed Vi's ghost
 23499 | Lair:3   | Reached skill level 18 in Crossbows
 23596 | Lair:3   | Found a hole to the Spider Nest.
 24302 | Lair:4   | Found a staircase to the Shoals.
 24305 | Lair:4   | Received a gift from Okawaru
 24883 | Lair:5   | Received a gift from Okawaru
 24968 | Lair:5   | Reached skill level 19 in Crossbows
 26389 | Lair:4   | Received a gift from Okawaru
 26533 | Lair:6   | Entered Level 6 of the Lair of Beasts
 27012 | Lair:5   | Found a viscous altar of Jiyva.
 27013 | Lair:5   | Found a staircase to the Slime Pits.
 27201 | Lair:6   | Reached skill level 5 in Dodging
 28253 | Lair:6   | Reached XP level 15. HP: 117/121 MP: 15/15
 28263 | Lair:6   | Gained mutation: You are highly resistant to hostile enchantments. (MR++) [evolution]
 29026 | Lair:6   | Received a gift from Okawaru
 29571 | Shoals:1 | Entered Level 1 of the Shoals
 29991 | Shoals:1 | Found Ocrist's General Store.
 30198 | Shoals:1 | Found Nimomotifri's Distillery.
 30217 | Shoals:1 | Bought a potion of curing for 42 gold pieces
 30217 | Shoals:1 | Bought a potion of heal wounds for 70 gold pieces
 30740 | Spider:1 | Entered Level 1 of the Spider Nest
 31076 | Spider:1 | Lost intelligence.
 31076 | Spider:1 | Gained mutation: You are dopey. (Int -2) [evolution]
 31076 | Spider:1 | Lost mutation: You evolve. [end of evolution]
 31112 | Spider:1 | Received a gift from Okawaru
 31386 | Orc:2    | Bought the +6 scale mail of the Great Game {+Fly rElec rF++ Str+3} for 1182 gold pieces
 32326 | D:13     | Received a gift from Okawaru
 32377 | D:13     | Got a faintly humming centaur barding {god gift}
 32388 | D:13     | Identified the +1 centaur barding "Zufuw" {rPois Int+2 Stlth+} (Okawaru gifted it to you on level 13 of the Dungeon)
 32512 | D:13     | Found a gate to the Vaults.
 33805 | D:14     | Noticed Josephine
 33840 | D:14     | Killed Josephine
 34243 | D:14     | Reached skill level 10 in Armour
 34341 | D:15     | Entered Level 15 of the Dungeon
 35120 | D:15     | Reached XP level 16. HP: 80/127 MP: 16/16
 35358 | D:15     | Identified a scroll of acquirement
 35486 | D:15     | Found a staircase to the Depths.
 35792 | D:15     | Received a gift from Okawaru
 36378 | D:15     | Reached skill level 20 in Crossbows
 37882 | Spider:2 | Noticed Arachne
 37915 | Spider:1 | HP: 6/127 [Arachne/staff of poison (18)]
 38331 | Spider:1 | Killed Arachne
 38345 | Spider:1 | Upgraded the game from 0.20-a0-950-g92a50c4 to 0.20-a0-957-g47ad1fd
 38488 | Spider:2 | Noticed Nikola
 39240 | Spider:1 | Received a gift from Okawaru
 40114 | Spider:2 | Killed Nikola
 41214 | Spider:3 | Received a gift from Okawaru
 41541 | Spider:3 | Reached XP level 17. HP: 38/134 MP: 17/17
 42107 | Spider:3 | HP: 1/134 [redback (6)]
 42108 | Spider:3 | Succumbed to a redback's poison

Vault maps used:
D:1:      evilmike_arrival_hilbert_curve
D:2:      lemuel_doored_altar, first_bread
D:3:      old_standard_altar, grunt_decor_arrowhead, uniq_robin, uniq_jessica,
          uniq_natasha
D:4:      kennysheep_little_box, lemuel_round_altar, uniq_menkaure
D:5:      minmay_temple_entry_grid, portal_sewer_entry_e,
          kennysheep_generic_room_4
D:6:      fiery_altar_vehumet, grunt_ministairs_15, nicolae_zen_rock_garden,
          uniq_prince_ribbit1
D:7:      elyvilon_altar_5, enter_bailey_2, serial_shops, kennysheep_mini_moat,
          uniq_crazy_yiuf_cottage
D:8:      dpeg_oklobed_lair, uniq_psyche
D:9:      cheibrodos_frozen_isle, nicolae_ashenzari_panopticon,
          kennysheep_orc_monster_closet_entryway
D:10:     statuecave_lemuel, grunt_ogre_cave
D:11:     okawaru_arena_lexackson
D:13:     grunt_vaults_entry_tiered
D:14:     uniq_josephine
D:15:     gammafunk_depths_entry_grave, minmay_misc_feat_ornament
Temple:   regret_index_temple_generic_petals
Lair:1:   grunt_megastairs_5, serial_bayou_shore_b, infiniplex_staircase_pool_2
Lair:3:   spider_nest_entry_rubble, serial_bayou_shore_a
Lair:4:   elwin_shoals_entry_stream, beast_lair_carwin_2, grunt_megastairs_3
Lair:5:   minmay_lair_venomous_thicket, dpeg_slime_entry_enclosed_altar,
          lemuel_old_faithful, grunt_megastairs_1, lemuel_fruit_fields,
          lemuel_fruit_tree
Lair:6:   hangedman_lair_caniforms_friends
Shoals:1: serial_shops, nicolae_shop_trees, nicolae_shop_trees,
          nicolae_shop_stone, hangedman_shoal_volcano
Spider:1: hangedman_spider_tarantella_strand
Spider:2: uniq_arachne, uniq_nikola
Orc:1:    portal_ice_cave_entry_animals_and_master
Orc:2:    st_orc_open, serial_shops, nicolae_shop_waterfront,
          nicolae_orc_lava_tube, kennysheep_orc_chapel
Sewer:    sewer_frog_island_01
Bailey:   bailey_axe_2, bailey

Skill      XL: |  1  2  3  4  5  6  7  8  9 10 11 12 13 14 15 16 |
---------------+-------------------------------------------------+-----
Crossbows      | 5 6 7 8 9 10 14 17 19 20 | 20.8
Axes           | 4 |  4.9
Fighting       | 6 7 |  7.7
Polearms       | 6 11 | 11.3
Armour         | 7 10 11 | 11.0
Dodging        | 4 6 7 9 |  9.6
Stealth        | |  0.4

Action                   |  1- 3 |  4- 6 |  7- 9 | 10-12 | 13-15 | 16-18 || total
-------------------------+-------+-------+-------+-------+-------+-------++-------
Melee: Short sword       |   149 |    36 |       |       |       |       ||   185
       Kick              |    26 |    53 |    50 |    81 |    92 |    31 ||   333
       Spear             |       |   146 |       |       |       |       ||   146
       Hand axe          |       |       |   224 |     8 |       |       ||   232
       Trident           |       |       |    12 |       |       |       ||    12
       Halberd           |       |       |    92 |   481 |   337 |    67 ||   977
       Arbalest          |       |       |       |       |       |     1 ||     1
 Fire: Hand crossbow     |       |    58 |    74 |   114 |       |       ||   246
       Arbalest          |       |       |       |   175 |  1126 |   422 ||  1723
       Triple crossbow   |       |       |       |       |       |    57 ||    57
Throw: Stone             |    11 |    28 |       |       |       |       ||    39
       Tomahawk          |       |       |    11 |     5 |       |       ||    16
Invok: Heroism           |       |       |     3 |     2 |     3 |       ||     8
Evoke: Wand              |       |       |     1 |       |       |     1 ||     2
       Lamp of fire      |       |       |       |       |       |     2 ||     2
       Phial of floods   |       |       |       |       |       |     1 ||     1
  Use: Scroll            |     3 |       |     8 |    13 |    12 |    10 ||    46
       Potion            |       |     2 |    15 |     8 |     3 |    10 ||    38
  Eat: Chunk             |     1 |     5 |    11 |    12 |    20 |       ||    49
       Royal jelly       |       |     1 |       |     6 |     1 |       ||     8
       Bread ration      |       |       |     1 |     2 |     2 |     1 ||     6
       Fruit             |       |       |       |       |    19 |     9 ||    28
       Meat ration       |       |       |       |       |       |     2 ||     2
Armor: Leather armour    |    25 |       |    69 |    66 |       |       ||   160
       Chain mail        |    51 |       |       |    27 |   431 |       ||   509
       Ring mail         |    27 |   153 |    63 |       |       |       ||   243
       Skin              |     1 |       |    24 |       |       |       ||    25
       Acid dragon scale |       |       |       |    95 |     8 |       ||   103
       Scale mail        |       |       |       |       |   116 |   397 ||   513
Dodge: Dodged            |    53 |    83 |   161 |   176 |   239 |   209 ||   921
Block: Other             |       |    32 |    73 |   101 |   144 |   100 ||   450
       Reflection        |       |       |     6 |     5 |     9 |       ||    20
